 Dungeon Crawl Stone Soup version 0.28.0-43-g3370ac3207 (webtiles) character file.

Game seed: 6070254445060028813

7415 GilGalad the Thaumaturge (level 10, -44/86 HPs)
             Began as a Purple Draconian Conjurer on Mar 15, 2022.
             Was a Believer of Sif Muna.
             Annihilated by Urug
             ... wielding a +2 vampiric demon trident
              (49 damage)
             ... on level 10 of the Dungeon.
             The game lasted 00:38:27 (13617 turns).

GilGalad the Thaumaturge (DrCj)                    Turns: 13617, Time: 00:38:28

Health: -44/86     AC: 10    Str: 11    XL:     10   Next: 93%
Magic:  14/40      EV: 14    Int: 24    God:    Sif Muna [**....]
Gold:   567        SH:  0    Dex: 13    Spells: 17/25 levels left

rFire   . . .      SeeInvis .   p - +8 mace of Tiuthry {vorpal, rC- rCorr MP+9 Int+6}
rCold   x . .      Faith    .   (no shield)
rNeg    . . .      Spirit   .   (armour unavailable)
rPois   .          Reflect  .   E - +1 hat {Will+}
rElec   .          Harm     .   C - +0 cloak
rCorr   +          Rampage  .   (no gloves)
Will    ++...                   q - +0 pair of boots
Stlth   +++.......              (no amulet)
HPRegen 0.24/turn               y - ring of magical power
MPRegen 0.27/turn               (no ring)

@: hasted, very quick
A: breathe power, AC +7, unfitting armour, cold-blooded
a: Breathe Dispelling Energy, Renounce Religion, Channel Magic


You were on level 10 of the Dungeon.
You worshipped Sif Muna.
Sif Muna was pleased with you.
You visited 2 branches of the dungeon, and saw 11 of its levels.
You also visited: Sewer.

You collected 567 gold pieces.

Inventory:

Hand Weapons
 b - a +2 short sword of venom
 l - the +8 flail of Qucvus {vorpal, Will++ Str-2}
   (You took it off an orc on level 4 of the Dungeon)

   It inflicts extra damage upon your enemies.
   Str:       It affects your strength (-2).
   Will:      It greatly increases your willpower.
 p - the +8 mace of Tiuthry (weapon) {vorpal, rC- rCorr MP+9 Int+6}
   (You found it on level 4 of the Dungeon)

   It inflicts extra damage upon your enemies.
   Int:       It affects your intelligence (+6).
   rC:        It makes you vulnerable to cold.
   MP:        It affects your magic capacity (+9).
   rCorr:     It protects you from acid and corrosion.
Armour
 q - a +0 pair of boots (worn)
 u - an orb of light
 C - a +0 cloak (worn)
 D - a +0 buckler
 E - a +1 hat of willpower (worn)
Jewellery
 v - an amulet of faith
 y - a ring of magical power (left hand)
Wands
 m - a wand of iceblast (21)
 x - a wand of paralysis (17)
Scrolls
 c - a scroll of blinking {unknown}
 d - 3 scrolls of fog {unknown}
 e - 2 scrolls of noise {unknown}
 g - 2 scrolls of magic mapping {unknown}
 i - 6 scrolls of vulnerability {unknown}
 j - 6 scrolls of identify {unknown}
 o - 3 scrolls of amnesia {unknown}
 r - 2 scrolls of immolation {unknown}
 t - 3 scrolls of fear {unknown}
 w - 2 scrolls of teleportation {unknown}
Potions
 f - 5 potions of curing {unknown}
 h - 3 potions of degeneration {unknown}
 k - 2 potions of mutation {unknown}
 n - 2 potions of heal wounds {unknown}
 s - a potion of berserk rage {unknown}
 z - a potion of magic {unknown}
 A - 3 potions of flight {unknown}
 B - a potion of invisibility {unknown}


   Skills:
 + Level 7.2 Fighting
 - Level 1.5 Short Blades
 + Level 2.8 Maces & Flails
 + Level 6.5 Dodging
 + Level 7.1 Stealth
 + Level 8.0 Spellcasting
 - Level 7.5 Conjurations
 + Level 7.0 Hexes


You had 17 spell levels left.
You knew the following spells:

 Your Spells              Type           Power      Damage    Failure   Level
a - Magic Dart            Conj           100%       1d8       1%          1
b - Stone Arrow           Conj/Erth      54%        3d10      4%          3
c - Fulminant Prism       Conj/Hex       22%        3d13      3%          4

Your spell library contained the following spells:

 Spells                   Type           Power      Damage    Failure   Level
 Searing Ray              Conj           92%        2d7       1%          2
 Dazzling Flash           Conj/Hex       88%        N/A       1%          3
 Tukima's Dance           Hex            43%        N/A       1%          3
 Sandblast                Erth           18%        2d7       6%          1
 Passwall                 Tmut/Erth      7%         N/A       10%         2
 Iskenderun's Mystic Bla  Conj/Tloc      27%        2d7       14%         4
 Anguish                  Hex/Necr       13%        N/A       16%         4
 Enfeeble                 Hex            21%        N/A       97%         7


Dungeon Overview and Level Annotations

Branches:
Dungeon (10/15)            Temple (1/1) D:6             Orc (0/2) D:9
  Sewer (visited)
   Lair: D:8-11

Altars:
Ashenzari
Cheibriados
Dithmenos
Elyvilon
Fedhas
Gozag
Hepliaklqana
Kikubaaqudgha
Makhleb
Nemelex Xobeh
Okawaru
Qazlal
Ru
Sif Muna
Trog
Uskayaw
Vehumet
Wu Jian
Xom
Yredelemnul
Zin
The Shining One

Shops:
D:6 *   D:9 (

Annotations:
D:7 3 runed translucent doors, Jingleheimer's ghost, novice DrTm; vvl's ghost, novice GnTm
D:10 Sonja; Urug


Innate Abilities, Weirdness & Mutations

You can breathe bolts of dispelling energy.
Your rich purple scales are hard. (AC +7)
You cannot fit into any form of body armour.
You are cold-blooded and may be slowed by cold attacks.


Message History

Confirm with . or Enter, or press ? or * to list all spells.
Aiming: Fulminant Prism (dangerous; 3% risk of failure)
Press: ? - help, Dir - move target You conjure a prism of explosive energy!
A fulminant prism comes into view.
You hear a loud crackle.
You hear an explosion!
There is an open door here.
You close the door.
You start resting.
Urug the Orcish Ballista opens the door.
She is wielding a +2 vampiric demon trident.
Casting: Fulminant Prism (dangerous; 3% risk of failure)
Confirm with . or Enter, or press ? or * to list all spells.
Aiming: Stone Arrow (mildly dangerous; 4% risk of failure)
Press: ? - help, Shift-Dir - straight line, f - Urug
Aim: Urug, wielding a +2 vampiric demon trident, wearing a +0 scale mail and quivering javelins (heavily wounded, 64% to hit)
The stone arrow misses Urug.
Urug drinks a potion.
Urug seems to grow stronger.
Casting: Stone Arrow (mildly dangerous; 4% risk of failure)
Confirm with . or Enter, or press ? or * to list all spells.
Aiming: Stone Arrow (mildly dangerous; 4% risk of failure)
Press: ? - help, Shift-Dir - straight line, f/p - Urug
Aim: Urug, wielding a +2 vampiric demon trident, wearing a +0 scale mail and quivering javelins (heavily wounded, strong, 64% to hit)
Okay, then.
You feel yourself speed up.
Urug hits you from afar with a +2 vampiric demon trident!!
Casting: Stone Arrow (mildly dangerous; 4% risk of failure)
Confirm with . or Enter, or press ? or * to list all spells.
Aiming: Stone Arrow (mildly dangerous; 4% risk of failure)
Press: ? - help, Shift-Dir - straight line, f/p - Urug
Aim: Urug, wielding a +2 vampiric demon trident, wearing a +0 scale mail and quivering javelins (heavily wounded, strong, 64% to hit)
The stone arrow hits Urug!
Urug is heavily wounded.
Urug hits you with a +2 vampiric demon trident!!!
* * * LOW HITPOINT WARNING * * *
Urug draws strength from your wounds!
You thump Urug!
Urug is heavily wounded.
Urug hits you with a +2 vampiric demon trident!!!
Ouch! That really hurt!
You die...

.......#
#....##.###
.......# ####.##.#
.......# #.##)#
.......# #.##.#
##.....# #.##.#
########.##.#
####.....##.##.#
#........##.##.#
#.#..@...##.##.#
###.####o####.##.#
#...## #[....[...#
#...#.)#
#.####.######
#...####.###.#
#.##...# ..#
#..##.# #.##.#.# .
##.##.####.##.#.#
#..#.......#.#.#
##ยง######..#.#.#


You could see Urug (strong).

Vanquished Creatures
  Gastronok (D:10)
  Pikel (D:5)
  An elephant (D:10)
  An unseen horror (D:9)
  2 trolls
  A meliai zombie (D:10)
  Prince Ribbit (D:7)
  Sigmund (D:2)
  7 yaks
  2 wraiths
  2 water moccasins
  2 ice beasts
  Pargi (Sewer)
  An orc warrior (D:9)
  A black bear (D:10)
  An ogre (D:7)
  6 centaurs
  3 lemures
  2 kobold brigands
  A bullfrog (D:7)
  A gnoll sergeant (D:9)
  2 scorpions (D:6)
  4 killer bees
  A howler monkey (D:9)
  6 wights (D:10)
  A crimson imp (D:7)
  A bullfrog zombie (D:6)
  2 centaur zombies
  4 hounds
  A bullfrog skeleton (D:7)
  A jelly (D:5)
  3 centaur skeletons
  7 orc wizards
  4 iguanas
  A howler monkey zombie (D:5)
  4 gnolls
  8 adders
  A white imp (D:7)
  An ufetubus (D:6)
  A worm (D:2)
  6 dart slugs
  25 orcs
  8 endoplasms
  8 giant cockroaches
  7 goblins
  9 hobgoblins
  8 jackals (D:4)
  2 quokkas
  6 ball pythons
  4 bats
  3 frilled lizards
  12 kobolds
  3 rats
  6 fulminant prisms
199 creatures vanquished.

Vanquished Creatures (others)
  An orc (D:8)
  23 fulminant prisms
  5 fungi (D:4)
  A plant (D:10)
30 creatures vanquished.

Grand Total: 229 creatures vanquished

Notes
Turn   | Place    | Note
-------+----------+-------------------------------------------
     0 | D:1      | GilGalad the Draconian Conjurer began the quest for the
                  | Orb.
     0 | D:1      | Reached XP level 1. HP: 14/14 MP: 3/3
   330 | D:1      | Reached XP level 2. HP: 20/20 MP: 0/5
  1260 | D:2      | Reached XP level 3. HP: 26/26 MP: 3/6
  1656 | D:2      | Found a faded altar of an unknown god.
  2034 | D:2      | Noticed Sigmund
  2272 | D:3      | Found a stormy altar of Qazlal.
  2507 | D:3      | Reached skill level 1 in Short Blades
  2566 | D:3      | Reached XP level 4. HP: 27/33 MP: 0/7
  3126 | D:4      | Found a white marble altar of Elyvilon.
  3359 | D:4      | Identified the +8 flail of Qucvus {vorpal, Will++ Str-2}
  3488 | D:4      | Reached XP level 5. HP: 33/38 MP: 4/9
  3685 | D:4      | Identified the +8 mace of Tiuthry {vorpal, rC- rCorr MP+9
                  | Int+6}
  3845 | D:4      | Reached skill level 1 in Fighting
  3845 | D:4      | Reached skill level 3 in Spellcasting
  4141 | D:4      | HP: 2/40 [poisoned by a scorpion]
  4980 | D:5      | Entered Level 5 of the Dungeon
  5021 | D:5      | Reached XP level 6. HP: 35/47 MP: 10/10
  5090 | D:5      | Reached skill level 1 in Hexes
  5156 | D:5      | Found a glowing drain.
  5179 | Sewer    | Entered a sewer
  5212 | Sewer    | Noticed Pargi
  5230 | Sewer    | Killed Pargi
  5231 | Sewer    | Reached skill level 5 in Conjurations
  5583 | D:5      | Noticed an ice beast
  5596 | D:5      | Noticed Pikel
  6081 | D:5      | Found a broken altar of Ashenzari.
  6394 | D:5      | Killed an ice beast
  6395 | D:5      | Your scales start taking on a rich purple colour.
  6395 | D:5      | Reached skill level 4 in Spellcasting
  6395 | D:5      | Reached XP level 7. HP: 56/56 MP: 13/13
  6399 | D:5      | Learned a level 3 spell: Stone Arrow
  6482 | D:5      | Killed Pikel
  6483 | D:5      | Reached XP level 8. HP: 63/63 MP: 14/15
  6540 | D:6      | Found Amunix's General Store.
  6542 | D:6      | Reached skill level 5 in Spellcasting
  6662 | D:6      | Found a staircase to the Ecumenical Temple.
  6672 | Temple   | Entered the Ecumenical Temple
  6743 | Temple   | Became a worshipper of Sif Muna the Loreminder
  7509 | D:2      | Killed Sigmund
  7657 | D:7      | Found a runed translucent gate.
  7658 | D:7      | Found a runed translucent gate.
  7918 | D:7      | Reached skill level 5 in Stealth
  8183 | D:7      | Reached XP level 9. HP: 72/72 MP: 17/17
  8260 | D:7      | Found a runed translucent gate.
  8371 | D:7      | Noticed Prince Ribbit
  8384 | D:7      | Killed Prince Ribbit
  8385 | D:7      | Reached skill level 6 in Spellcasting
  8580 | D:7      | Reached * piety under Sif Muna
  8696 | D:7      | Noticed vvl's ghost (novice GnTm)
  8697 | D:7      | Noticed Jingleheimer's ghost (novice DrTm)
  8894 | D:8      | Identified the +7 chain mail of the Gusle {Str+2}
  8919 | D:8      | Reached skill level 5 in Dodging
  9224 | D:8      | Reached skill level 5 in Fighting
  9550 | D:8      | Found a blossoming altar of Fedhas.
  9620 | D:8      | Reached skill level 5 in Hexes
 10027 | D:9      | Found Zohewann's Weapon Boutique.
 10027 | D:9      | Found a staircase to the Orcish Mines.
 10035 | D:9      | Identified the +1 robe of Indecent Exposure {+Blink}
 10060 | D:9      | Noticed a troll
 11075 | D:9      | Killed a troll
 11544 | D:8      | Learned a level 4 spell: Fulminant Prism
 12018 | D:9      | Reached skill level 7 in Spellcasting
 12018 | D:9      | Reached XP level 10. HP: 83/83 MP: 20/20
 12211 | D:10     | Entered Level 10 of the Dungeon
 12277 | D:10     | Noticed Gastronok
 12296 | D:10     | Killed Gastronok
 12568 | D:10     | Reached ** piety under Sif Muna
 12705 | D:10     | Noticed Sonja
 13514 | D:10     | Noticed an elephant
 13521 | D:10     | Killed an elephant
 13522 | D:10     | Reached skill level 8 in Spellcasting
 13556 | D:10     | Noticed Urug
 13617 | D:10     | Annihilated by Urug

Illustrated notes

Levels and vault maps discovered:
D:1:      heliophobic_arrival_enchanted_forest, layout_basic
D:2:      layout_basic, hellmonk_ecumenical_altar_inner_sanctum,
          minmay_pentomino_v2, uniq_sigmund
D:3:      layout_loops_cross, nicolae_qazlal_general_emergency
D:4:      layout_loops_ring, elyvilon_altar_5, serial_aquarium,
          aquarium_bridge_straight [aquarium_subvault_bridge,
          aquarium_subvault_window, aquarium_subvault_bridge,
          aquarium_subvault_window], aquarium_window_fake, aquarium_window_1,
          aquarium_window_2, aquarium_window_fake, aquarium_view_2c,
          aquarium_balcony_3a, aquarium_pool_S, minmay_three_crescents
D:5:      layout_rooms, kennysheep_mini_moat, portal_sewer_entry_a, uniq_pikel
D:6:      layout_rooms, minmay_temple_entry_drinking_statues, serial_shops,
          nicolae_stop_n_shop_2, minivault_22
D:7:      layout_cave_pools, gammafunk_ghost_cemetery, minmay_fire_ice_demons,
          uniq_prince_ribbit1
D:8:      layout_basic, mainiacjoe_overflow_six_doors_small,
          hangedman_decor_growths
D:9:      layout_roguey, orc_david_3, supply_closet_lemuel, grunt_ministairs_14,
          grunt_decor_arrowhead
D:10:     minmay_skewed_foursquare, layout_basic, david_lair_generic, uniq_urug,
          uniq_sonja, uniq_gastronok
Temple:   hc_temple_tempest_star

Skill      XL: |  1  2  3  4  5  6  7  8  9 10 |
---------------+-------------------------------+-----
Stealth        | 2 3 4 5 6 7 |  7.1
Dodging        | 2 3 4 5 6 |  6.5
Short Blades   | 1 |  1.5
Fighting       | 1 2 3 4 6 7 |  7.2
Spellcasting   | 3 4 5 7 8 |  8.0
Hexes          | 2 3 4 5 7 |  7.0
Conjurations   | 5 6 7 |  7.5
Maces & Flails | 2 |  2.8

Action                   |  1- 3 |  4- 6 |  7- 9 | 10-12 || total
-------------------------+-------+-------+-------+-------++-------
Melee: Unarmed           |     2 |       |       |       ||     2
       Punch             |     1 |       |       |       ||     1
       Short sword       |    16 |    11 |       |       ||    27
       Tailslap          |     1 |     7 |     7 |     4 ||    19
       Flail             |       |     8 |       |       ||     8
       Mace              |       |    66 |    65 |    23 ||   154
 Cast: Magic Dart        |    97 |   134 |   100 |    10 ||   341
       Stone Arrow       |       |       |    66 |    36 ||   102
       Fulminant Prism   |       |       |     6 |    23 ||    29
Invok: Channel Magic     |       |       |       |     1 ||     1
  Use: Potion            |       |     3 |     1 |     1 ||     5
 Stab: Sleeping          |       |       |     1 |       ||     1
Armor: Skin              |     5 |    34 |    60 |    24 ||   123
Dodge: Dodged            |    15 |    68 |   130 |    69 ||   282
Block: Buckler           |       |       |     7 |     1 ||     8
